Description

I made this build because I struggle to find any new/relevant builds from 5.0.17 after the 8 worker fix

Build Order

Get SALT Encoding   

  14  00:16  Extractor  Rally first drone for extractor trick
  15  00:22  Overlord  
  16  00:45  Hatchery  
  18  01:07  Extractor  Rally the 16 supply drone to extractor
  17  1:12  Spawning Pool  Rally the 18 supply drone to pool
  21  1:59  Queen x2  @ spawning pool finish
  21  2:00  Zergling x2  
  28  2:11  Metabolic Boost, Overlord  @ 100 gas completely pull drones out of gas
  28  2:23  Hatchery  
  30  2:44  Overlord  
  32  2:51  Queen  At natural
  39  3:12  Overlord  
  43  3:29  Queen x2  At natural + 3rd
  55  3:54  Queen  
  64  4:10  Overlord x2  
  67  4:28  Lair  
  67  4:30  Zergling x6, Spore Crawler x3  At each base
  81  5:00  Baneling Nest  Add extractor + evo chanmbers at full 3 base mineral saturation
Spawning Tool Build Advisor. Get it on Overwolf

Go to:

Details

  • Created by: Storm231
  • Published on: Nov 15, 2026
  • Modified on: Nov 15, 2026
  • Patch: 5.0.16
  • Difficulty: Medium
Show
View Real Time Build Order
Export as new Build Order

Comments (0)

There are no comments. Be the first!

Create an account to comment!